[Event "Team 45 45 League T49"]
[Site "Internet Chess Club"]
[Date "2011.05.22"]
[Round "2"]
[White "carokantor"]
[Black "LobowolfXXX"]
[Result "1-0"]
[WhiteElo "1924"]
[BlackElo "1883"]
[Opening "Scotch: Göring gambit"]
[ECO "C44"]
[Time "09:00:33"]
[TimeControl "2700+45"]

1. e4 e5 2. Nf3 Nc6 3. d4 exd4 4. c3 d3 5. Bxd3 d6 6. Bc4 Bg4 7. Qb3 Qe7 8. Ng5
O-O-O 9. Bxf7 h6 10. Be6+ Kb8 11. Bxg4 hxg5 12. Qe6 Re8 13. Qxe7 Rxe7 14. f3 Re5
15. O-O Nf6 16. h3 d5 17. exd5 Bc5+ 18. Kh1 Rxd5 19. Nd2 Ne5 20. Be6 Rd6 21. Bf5
g6 22. Bc2 g4 23. fxg4 Nexg4 24. Nc4 Re6 25. b4 Bf2 26. Bxg6 b5 27. Na5 Bb6 28.
Bf5 Re2 29. Nc6+ Kb7 30. Nd4 Nf2+ 31. Kg1 N2e4 32. Kh2 Bxd4 33. cxd4 Rg8 34.
Bxe4+ Nxe4 35. Rg1 Kc6 36. Bf4 Kd5 37. Be5 Nd2 38. Kh1 Rg6 39. Rac1 Nc4 40. Bxc7
Kxd4 41. g4 Rh6 42. Rg3 Rxa2 43. Rd1+ Ke4 44. Re1+ Kd4 45. g5 Rh8 46. Rd1+ Ke4
47. Bd8 Kf4 48. Bc7+ Ke4 49. Re1+ Kf5 50. Rf1+ Ke4 51. Rf4+ Kd5 52. g6 Ra1+ 53.
Kg2 Ra2+ 54. Rf2 Rxf2+ 55. Kxf2 Nd2 56. Rd3+ Kc6 57. Rxd2 Kxc7 58. Rd3 Rg8 59.
Rg3 Kd6 60. Ke3 Ke5 61. h4 Kf6 62. Kd4 Kg7 63. Kc5 Kh6 64. Kxb5 Rg7 65. Rg5
{Black resigns} 1-0

[Event "Team 45 45 League T49"]
[Site "Internet Chess Club"]
[Date "2011.05.22"]
[Round "2"]
[White "zap2"]
[Black "billscotty"]
[Result "0-1"]
[WhiteElo "1775"]
[BlackElo "1829"]
[Opening "Réti opening"]
[ECO "A04"]
[Time "14:09:28"]
[TimeControl "2700+45"]

1. Nf3 Nc6 2. g3 e5 3. d3 d5 4. Bg2 Be6 5. O-O Bd6 6. Nbd2 Nf6 7. e4 O-O 8. h3
dxe4 9. dxe4 Qc8 10. Kh2 h6 11. Qe2 a6 12. a4 b5 13. axb5 axb5 14. Rxa8 Qxa8 15.
Qxb5 Nb4 16. c3 Rb8 17. Qe2 Na2 18. Nc4 Nxc1 19. Rxc1 Bxc4 20. Qxc4 Rxb2 21. Rf1
Qxe4 22. Nxe5 Qxe5 23. Kg1 Qc5 24. Qa6 Bxg3 25. Qa8+ Kh7 26. Be4+ Nxe4 27. Qxe4+
g6 28. Qf3 Be5 29. Qxf7+ Bg7 30. c4 Rc2 31. Rd1 Qxc4 32. Qf3 Rc1 33. Kg2 Rxd1
34. Qxd1 Qe4+ 35. Kg1 Qf5 36. Kg2 h5 37. Qe2 c5 38. Qc4 Qg5+ 39. Kh1 Qf5 40. Kg2
Bd4 41. Qe2 Qg5+ 42. Kh1 Qh4 43. Kg2 Qg5+ 44. Kh1 Qf4 45. Kg2 c4 46. Qc2 c3 47.
Kf1 Qh2 48. Qa2 Qxh3+ 49. Kg1 Qg4+ 50. Kh2 Qf4+ 51. Kg2 Qd2 52. Qf7+ Bg7 53. Kg3
c2 54. f4 c1=Q 55. f5 Qg5+ 56. Kh2 Qcf4+ 57. Kh1 Qfh4# {White checkmated} 0-1

[Event "Team 45 45 League T49"]
[Site "Internet Chess Club"]
[Date "2011.05.22"]
[Round "2"]
[White "ice-cream"]
[Black "IceBox"]
[Result "1/2-1/2"]
[WhiteElo "1788"]
[BlackElo "1767"]
[Opening "Caro-Kann: Bronstein-Larsen variation"]
[ECO "B16"]
[Time "12:00:07"]
[TimeControl "2700+45"]

1. e4 c6 2. d4 d5 3. Nc3 dxe4 4. Nxe4 Nf6 5. Nxf6+ gxf6 6. c3 Qd5 7. Bf4 Qe4+ 8.
Be3 Rg8 9. Qd3 Qxd3 10. Bxd3 Rxg2 11. Bxh7 f5 12. Nf3 Rg7 13. Ng5 f6 14. h4 fxg5
15. hxg5 e6 16. O-O-O Be7 17. g6 Bf6 18. Rdg1 Na6 19. Bh6 Kf8 20. Rh3 Bd7 21.
Rgh1 Re8 22. Bxg7+ Bxg7 23. f4 Nc7 24. c4 Re7 25. Rd1 Ne8 26. Ra3 a6 27. Rb3 Bc8
28. Kb1 Nf6 29. Re3 Bh6 30. Rh3 Bg7 31. Kc2 Ne4 32. Rh2 Rd7 33. Rg2 Rxd4 34.
Rxd4 Bxd4 35. Kd3 Bg7 36. b4 Nf6 37. Rh2 Bd7 38. a4 Ne4 39. Rg2 Nf6 40. Rh2 Ng4
41. Rd2 Nf6 42. Rh2 Ng4 43. Rd2 Nf6 44. Rh2 {Game drawn by repetition} 1/2-1/2

[Event "Team 45 45 League T49"]
[Site "Internet Chess Club"]
[Date "2011.05.23"]
[Round "2"]
[White "andrew32"]
[Black "j316chuck"]
[Result "0-1"]
[WhiteElo "1601"]
[BlackElo "1703"]
[Opening "Sicilian: accelerated fianchetto, modern variation with Bc4"]
[ECO "B35"]
[Time "19:02:28"]
[TimeControl "2700+45"]

1. e4 c5 2. Nf3 Nc6 3. d4 cxd4 4. Nxd4 g6 5. Be3 Bg7 6. Nc3 Nf6 7. Bc4 O-O 8.
Bb3 a5 9. O-O Ng4 10. Nxc6 dxc6 11. Qxd8 Rxd8 12. Bb6 Re8 13. Na4 Nf6 14. f3 Nd7
15. c3 Ra6 16. Be3 b5 17. Nc5 Nxc5 18. Bxc5 a4 19. Bc2 Be6 20. Rfd1 Raa8 21. Kf2
Bf8 22. f4 Red8 23. a3 Bc4 24. Rxd8 Rxd8 25. Rd1 Rxd1 26. Bxd1 e6 27. Bxf8 Kxf8
28. Ke3 Ke7 29. e5 Bd5 30. Bf3 Bxf3 31. Kxf3 f6 32. Ke4 c5 33. g4 f5+ 34. gxf5
gxf5+ 35. Kd3 Kd7 36. Ke3 Kc6 37. Kd3 Kd5 38. Ke3 Kc4 39. Kd2 Kb3 40. Kc1 b4 41.
axb4 cxb4 42. cxb4 Kxb4 43. Kd2 Kb3 44. Kc1 Kc4 45. Kd2 Kd4 46. Kc2 Ke4 47. Kc3
Kxf4 48. Kb4 Kxe5 49. Kxa4 f4 50. b4 f3 51. b5 f2 52. b6 f1=Q 53. b7 Qb1 {White
resigns} 0-1

[Event "Team 45 45 League T49"]
[Site "Internet Chess Club"]
[Date "2011.05.21"]
[Round "2"]
[White "chess-fan"]
[Black "Andressa"]
[Result "1-0"]
[WhiteElo "1571"]
[BlackElo "1455"]
[Opening "Ruy Lopez: old Steinitz defense"]
[ECO "C62"]
[Time "12:30:52"]
[TimeControl "2700+45"]

1. e4 e5 2. Nf3 Nc6 3. Bb5 d6 4. d4 Bd7 5. d5 Nb8 6. Bxd7+ Qxd7 7. Nc3 Nf6 8.
Be3 c6 9. Qd2 Be7 10. O-O Qg4 11. h3 Qg6 12. Qd3 O-O 13. Nh4 Qh5 14. Nf5 Re8 15.
Rad1 c5 16. Nb5 Na6 17. Nbxd6 Bxd6 18. Nxd6 Re7 19. Nf5 Rd7 20. f4 Re8 21. Rf3
exf4 22. Rxf4 Nb4 23. Qf1 Nxc2 24. Bc1 Rxe4 25. g4 Rxf4 26. Qxf4 {Black resigns}
1-0

[Event "Team 45 45 League T49"]
[Site "Internet Chess Club"]
[Date "2011.05.22"]
[Round "2"]
[White "BrianWood"]
[Black "kid6988"]
[Result "1-0"]
[WhiteElo "1473"]
[BlackElo "1588"]
[Opening "English: four knights, 4.e3"]
[ECO "A28"]
[Time "23:02:45"]
[TimeControl "2700+45"]

1. c4 e5 2. Nc3 Nf6 3. Nf3 Nc6 4. e3 Bb4 5. Be2 d5 6. a3 Be7 7. d4 exd4 8. Nxd4
Nxd4 9. exd4 O-O 10. O-O h6 11. Bf4 c6 12. Re1 Re8 13. cxd5 Nxd5 14. Nxd5 Qxd5
15. Bd3 Qa5 16. Qf3 Be6 17. Qe4 g6 18. Bxh6 Qh5 19. Bf4 Bd5 20. Qe2 Qxe2 21.
Rxe2 Bf6 22. Be5 Bxe5 23. Rxe5 Rxe5 24. dxe5 Re8 25. Re1 Kh7 26. f4 Kh6 27. g4
g5 28. f5 Kg7 29. Kf2 Kf8 30. f6 Rd8 31. Re3 Ke8 32. Kg3 Kd7 33. h4 gxh4+ 34.
Kxh4 a6 35. Bf5+ Ke8 36. g5 Kf8 37. g6 fxg6 38. Bxg6 Be6 39. Rd3 Rxd3 40. Bxd3
b5 41. b4 Kf7 42. Kg5 Bc4 43. Be4 Bd5 44. Kf5 Be6+ 45. Kf4 Bd7 46. Bf5 Be8 47.
Kg5 Kf8 48. e6 Bd7 49. exd7 Kf7 50. d8=Q c5 51. Qe7+ {Black resigns} 1-0

[Event "Team 45 45 League T49"]
[Site "Internet Chess Club"]
[Date "2011.05.19"]
[Round "2"]
[White "justice02"]
[Black "makramkozman"]
[Result "0-1"]
[WhiteElo "1686"]
[BlackElo "1557"]
[Opening "Caro-Kann: classical, 6.h4"]
[ECO "B18"]
[Time "21:48:57"]
[TimeControl "2700+45"]

1. e4 c6 2. d4 d5 3. Nd2 dxe4 4. Nxe4 Bf5 5. Ng3 Bg6 6. h4 h6 7. h5 Bh7 8. Bc4
e6 9. Nh3 Nf6 10. c3 Nbd7 11. Qe2 Nd5 12. Nf4 N7f6 13. Bd2 Qc7 14. Nd3 Bxd3 15.
Qxd3 O-O-O 16. O-O-O c5 17. Ne2 Bd6 18. Qf3 Rd7 19. Bb5 Re7 20. dxc5 Qxc5 21.
Nd4 a6 22. Be2 Rc7 23. Rh4 Re8 24. Kb1 e5 25. Nf5 e4 26. Qh3 Kb8 27. Nxg7 Rec8
28. Nf5 Be5 29. f4 Nxc3+ 30. bxc3 Qb6+ 31. Kc2 Rxc3+ 32. Bxc3 Rxc3+ 33. Qxc3
Bxc3 34. Kxc3 Qc5+ 35. Kb2 Qxf5 36. g3 Qc5 37. Rhh1 Qe3 38. Bc4 Qxg3 39. Bxf7 e3
40. Bb3 Ne4 41. Rde1 Qf2+ 42. Ka1 Qxf4 43. Rhf1 Nf2 44. Kb2 Qd4+ 45. Kb1 Qd2 46.
Bc2 Kc7 47. Rc1 Kb6 48. a4 Ka5 49. Ka2 Kb4 50. Ka1 Ka3 51. Rfe1 Qc3+ {White
resigns} 0-1

[Event "Team 45 45 League T49"]
[Site "Internet Chess Club"]
[Date "2011.05.21"]
[Round "2"]
[White "DaveF"]
[Black "cepheid"]
[Result "0-1"]
[WhiteElo "1469"]
[BlackElo "1633"]
[Opening "Nimzo-Indian: Kmoch variation"]
[ECO "E20"]
[Time "10:01:31"]
[TimeControl "2700+45"]

1. d4 Nf6 2. c4 e6 3. Nc3 Bb4 4. f3 d5 5. a3 Be7 6. e3 c5 7. cxd5 Nxd5 8. e4
Nxc3 9. bxc3 Nc6 10. Be3 Qa5 11. Qd2 cxd4 12. cxd4 Qxd2+ 13. Kxd2 O-O 14. Bd3
Na5 15. Ke2 Bd7 16. Kf2 Rfc8 17. Ne2 Nc4 18. Bc1 Rc7 19. Bf4 Rcc8 20. a4 Nb2 21.
Bb5 Bxb5 22. axb5 Nd3+ 23. Kg3 Nxf4 24. Nxf4 Bd6 25. e5 Bb4 26. Ra4 Bd2 27. Rd1
Rc2 28. Nd3 a5 29. bxa6 Rxa6 30. Rxa6 bxa6 31. Nc5 a5 32. Ra1 Rc4 33. Ra4 Rxa4
34. Nxa4 Be3 35. f4 Bxd4 36. Kf3 Kf8 37. Ke4 Bf2 38. Kd3 Be1 39. Kc4 f6 40. Kc5
Bb4+ 41. Kb5 Kf7 42. Nb2 Kg6 43. g4 fxe5 44. fxe5 Kg5 45. h3 Kh4 46. Nd3 Kg3 47.
g5 Kf3 48. h4 h6 49. gxh6 gxh6 50. Kc4 Ke4 51. h5 Ba3 52. Nf2+ Kf5 53. Kb5 Bb4
54. Nd3 Bd2 55. Kc5 Ke4 56. Kc4 a4 57. Nc5+ Kxe5 58. Nxa4 Kf5 59. Kd3 Bf4 60.
Nc5 e5 61. Ne4 Kg4 62. Nf2+ Kxh5 63. Ke4 Kg5 64. Nd3 Kg4 65. Nb4 h5 66. Nd5 h4
67. Nf6+ Kg3 68. Nh5+ Kg2 69. Nxf4+ exf4 70. Kxf4 h3 {White resigns} 0-1

[Event "Team 45 45 League T49"]
[Site "Internet Chess Club"]
[Date "2011.05.18"]
[Round "2"]
[White "Gilguli"]
[Black "Cadaz"]
[Result "0-1"]
[WhiteElo "1443"]
[BlackElo "1462"]
[Opening "Sicilian: Sozin, Leonhardt variation"]
[ECO "B88"]
[Time "15:40:42"]
[TimeControl "2700+45"]

1. e4 c5 2. Nf3 d6 3. d4 cxd4 4. Nxd4 Nf6 5. Nc3 Nc6 6. Bc4 e6 7. Bg5 Ne5 8. Bb3
h6 9. Bh4 a6 10. Qe2 Be7 11. O-O-O Nxe4 12. Bxe7 Nxc3 13. Bxd8 Nxe2+ 14. Nxe2
Kxd8 15. Rxd6+ Ke7 16. Rd4 b5 17. Re1 Bb7 18. f3 Bxf3 19. Ng1 Bxg2 20. Rxe5 Rhd8
21. Rxd8 Rxd8 22. Ne2 Bd5 23. Nf4 Bxb3 24. axb3 Rd4 25. Nd3 Kd6 26. Re2 f6 27.
Kd2 e5 28. c3 Rh4 29. Nf2 Kd5 30. Ke3 f5 31. Rd2+ Ke6 32. Nd3 Rh3+ 33. Ke2 Rxh2+
34. Kd1 Rxd2+ 35. Kxd2 Kd6 36. Nb4 a5 37. Nd3 g5 38. Ke3 e4 39. Nf2 Kd5 40. Nd1
f4+ 41. Ke2 g4 42. Nf2 g3 43. c4+ bxc4 44. bxc4+ Kxc4 45. Nxe4 Kb3 46. Kf3 Kxb2
47. Nc5 Kc2 48. Ke2 g2 49. Kf2 f3 50. Ne6 a4 51. Nd4+ Kc3 52. Nxf3 a3 {White
resigns} 0-1

[Event "Team 45 45 League T49"]
[Site "Internet Chess Club"]
[Date "2011.05.23"]
[Round "2"]
[White "mrneale"]
[Black "KyleMayhugh"]
[Result "1-0"]
[WhiteElo "1390"]
[BlackElo "1328"]
[Opening "Polish (Sokolsky) opening"]
[ECO "A00"]
[Time "20:00:22"]
[TimeControl "2700+45"]

1. b4 e5 2. Bb2 d6 3. c4 Nf6 4. e3 Be7 5. Be2 O-O 6. Nf3 Bg4 7. h3 Bh5 8. O-O h6
9. d4 e4 10. Nfd2 Bxe2 11. Qxe2 c6 12. Nc3 d5 13. c5 Nbd7 14. a4 Nh7 15. b5 f5
16. f4 g5 17. Na2 Ndf6 18. fxg5 Nxg5 19. Rxf5 Kh7 20. Raf1 Rg8 21. Kh1 Rg6 22.
g4 Nxh3 23. Qh2 Ng5 24. Qh4 Nf3 25. Nxf3 exf3 26. R1xf3 Rxg4 27. Qf2 Ne4 28. Qh2
Rh4 29. Rh3 Rxh3 30. Qxh3 Qg8 31. Rf3 Rf8 32. Rxf8 Qxf8 33. Qg2 Qf5 34. Kg1 Bh4
35. Nc3 Bf2+ 36. Kh2 Qh5+ 37. Qh3 Bg3+ 38. Kg2 Qxh3+ 39. Kxh3 Nxc3 40. Bxc3 Bf2
41. Bd2 Kg6 42. Kg4 h5+ 43. Kf3 Bh4 44. e4 dxe4+ 45. Kxe4 Bf6 46. Bf4 Bg5 47.
Bh2 cxb5 48. axb5 Be7 49. c6 bxc6 50. bxc6 Bd8 51. d5 a5 52. d6 a4 53. c7 {Black
resigns} 1-0

[Event "Team 45 45 League T49"]
[Site "Internet Chess Club"]
[Date "2011.05.23"]
[Round "2"]
[White "Stryker672"]
[Black "pestka"]
[Result "0-1"]
[WhiteElo "1955"]
[BlackElo "2345"]
[Opening "Philidor: Improved Hanham variation"]
[ECO "B07"]
[Time "15:36:20"]
[TimeControl "2700+45"]

1. e4 d6 2. d4 Nf6 3. Nc3 Nbd7 4. Nf3 e5 5. Bc4 Be7 6. O-O O-O 7. Re1 a6 8. a4
b6 9. b3 Bb7 10. Bb2 c6 11. Qd2 Qc7 12. Bf1 Rfe8 13. h3 Rad8 14. Rad1 Bf8 15. d5
cxd5 16. Nxd5 Nxd5 17. exd5 g6 18. c4 Nc5 19. Qc2 Bc8 20. Bc3 a5 21. b4 Bf5 22.
Qa2 axb4 23. Bxb4 Ra8 24. Bxc5 bxc5 25. Re3 Ra5 26. Ra3 Rea8 27. Qb3 Rb8 28. Qe3
Rb4 29. Rda1 Bg7 30. Nd2 Bd7 31. Nb3 Raxa4 32. Rxa4 Rxa4 33. Rxa4 Bxa4 34. Nd2
f5 35. Qa3 Qa5 36. Nf3 h6 37. Nh4 Kh7 38. g4 Bf6 39. Nxg6 Kxg6 40. gxf5+ Kf7 41.
Qg3 Bg5 42. h4 Qd2 43. hxg5 Qxg5 44. Qxg5 hxg5 45. Bd3 Kf6 46. Kg2 Bd7 47. Kg3
Bxf5 48. Be2 Bc2 49. Kg4 e4 50. f4 Bd3 51. fxg5+ Kg6 52. Bd1 Bxc4 53. Kf4 Bxd5
54. Ba4 Bb7 55. Be8+ Kg7 56. Bb5 Kg6 57. Be8+ Kg7 58. Bb5 d5 59. Ke5 e3 60. Kf4
d4 61. Bc4 Bc6 62. Ke5 Bf3 63. Kd6 e2 64. Bxe2 Bxe2 65. Kxc5 d3 {White resigns}
0-1

[Event "Team 45 45 League T49"]
[Site "Internet Chess Club"]
[Date "2011.05.18"]
[Round "2"]
[White "eurander"]
[Black "PandorasBox"]
[Result "1-0"]
[WhiteElo "2120"]
[BlackElo "1943"]
[Opening "French: Tarrasch, closed variation"]
[ECO "C05"]
[Time "16:30:24"]
[TimeControl "2700+45"]

1. e4 e6 2. d4 d5 3. Nd2 Nf6 4. e5 Nfd7 5. Bd3 c5 6. c3 Nc6 7. Ne2 Qb6 8. Nf3
cxd4 9. cxd4 f6 10. exf6 Nxf6 11. O-O Bd6 12. b3 O-O 13. Bf4 Qc7 14. Bxd6 Qxd6
15. Ng3 Bd7 16. Rc1 Rae8 17. Re1 e5 18. dxe5 Nxe5 19. Nxe5 Rxe5 20. Rxe5 Qxe5
21. h3 Bc6 22. Qe2 Ne4 23. Nxe4 dxe4 24. Re1 Re8 25. Bc4+ Kh8 26. Qe3 a6 27. Rd1
Qf6 28. a4 h6 29. Rd4 Rd8 30. Rxd8+ Qxd8 31. Qf4 Bd5 32. Qd2 {Black resigns} 1-0

[Event "Team 45 45 League T49"]
[Site "Internet Chess Club"]
[Date "2011.05.19"]
[Round "2"]
[White "Deckfuel"]
[Black "mitus"]
[Result "1-0"]
[WhiteElo "1971"]
[BlackElo "1819"]
[Opening "English, 1...Nf6 (Anglo-Indian defense)"]
[ECO "A15"]
[Time "13:01:37"]
[TimeControl "2700+45"]

1. c4 Nf6 2. g3 d5 3. cxd5 Qxd5 4. Nf3 e5 5. Nc3 Qa5 6. Bg2 Nc6 7. d3 Be7 8. O-O
Be6 9. Ng5 Bd7 10. Bd2 Qb6 11. a4 a5 12. Nge4 Be6 13. Nb5 Nxe4 14. Bxe4 Bc5 15.
e3 O-O 16. Qh5 f5 17. Bg2 Rad8 18. Qe2 Bd5 19. Bxd5+ Rxd5 20. Bc3 Bb4 21. Rac1
Rfd8 22. Rfd1 R8d7 23. Rc2 Bxc3 24. bxc3 Qc5 25. d4 exd4 26. exd4 Qe7 27. Qc4
Qd8 28. Re2 Ne7 29. Rde1 c6 30. Na3 Kf8 31. Nc2 Qc7 32. Ne3 R5d6 33. Nxf5 Rf6
34. Nxe7 {Black resigns} 1-0

[Event "Team 45 45 League T49"]
[Site "Internet Chess Club"]
[Date "2011.05.22"]
[Round "2"]
[White "tourettes"]
[Black "Holzschlange"]
[Result "0-1"]
[WhiteElo "1468"]
[BlackElo "1830"]
[Opening "Petrov's defense"]
[ECO "C42"]
[Time "15:02:31"]
[TimeControl "2700+45"]

1. e4 e5 2. Nf3 Nf6 3. d3 Nc6 4. Nbd2 Bc5 5. h3 O-O 6. g3 d5 7. Bg2 Bb6 8. O-O
Be6 9. Qe2 Re8 10. exd5 Nxd5 11. Nc4 f6 12. Nxb6 axb6 13. c3 Nde7 14. c4 Qd7 15.
Kh2 Red8 16. Ne1 Nd4 17. Qe4 c6 18. g4 Nb3 19. Rb1 Nxc1 20. Rxc1 Rxa2 21. Rb1
Ng6 22. Rg1 Nf4 23. Bf1 Bf7 24. Qe3 c5 25. g5 Bg6 26. gxf6 gxf6 27. Rg3 Kh8 28.
h4 Qd4 29. Qxd4 Rxd4 30. Kg1 Nh5 31. Rh3 Rxc4 32. dxc4 Bxb1 33. Rb3 Be4 34. Rxb6
Ra1 35. Ng2 Nf4 36. Ne3 Kg7 37. Kh2 Kg6 38. Kg3 Bc6 39. b4 cxb4 40. Rxb4 Ra2 41.
Ng2 Nh5+ 42. Kh2 Rxf2 43. Kg1 Rd2 44. Rb3 f5 45. Ne3 Nf4 46. Rb1 Be4 47. Rb6+
Bc6 48. Rb1 h6 49. Re1 Be4 50. Ng4 Kh5 51. Nf6+ Kxh4 52. Nxe4 fxe4 53. Rxe4 Kg3
54. Rxe5 Rd1 55. Re3+ Kg4 56. Kf2 Rd2+ 57. Ke1 Rb2 58. c5 h5 59. Rc3 h4 {White
resigns} 0-1

[Event "Team 45 45 League T49"]
[Site "Internet Chess Club"]
[Date "2011.05.27"]
[Round "2"]
[White "Chatica"]
[Black "DTK"]
[Result "1/2-1/2"]
[WhiteElo "2166"]
[BlackElo "2224"]
[Opening "French: MacCutcheon, Dr. Olland (Dutch) variation"]
[ECO "C12"]
[Time "22:13:32"]
[TimeControl "2700+45"]

1. e4 e6 2. d4 d5 3. Nc3 Nf6 4. Bg5 Bb4 5. e5 h6 6. Bc1 Ne4 7. Qg4 g6 8. Ne2 c5
9. a3 Ba5 10. b4 Nxc3 11. Nxc3 cxb4 12. Nb5 b3+ 13. Bd2 Bxd2+ 14. Kxd2 Qa5+ 15.
c3 O-O 16. Bd3 Kg7 17. Nd6 b6 18. Qh4 Nd7 19. Qe7 a6 20. Rhb1 Qa4 21. Ne8+ Rxe8
22. Qxe8 Bb7 23. Qe7 a5 24. Rb2 Ba6 25. Bxa6 Rxa6 26. Rab1 Ra7 27. Rxb3 Rc7 28.
Qd6 Qc4 29. a4 Kg8 30. Ra3 Kg7 31. g4 Kh7 32. f4 Kg7 33. h4 Kh7 34. f5 gxf5 35.
gxf5 Nc5 36. dxc5 Qf4+ 37. Kc2 Qf2+ 38. Kb3 bxc5 39. Ra2 Rb7+ 40. Ka3 Qe3 41.
Rxb7 Qxc3+ 42. Rb3 Qc1+ {Game drawn by mutual agreement} 1/2-1/2

[Event "Team 45 45 League T49"]
[Site "Internet Chess Club"]
[Date "2011.05.22"]
[Round "2"]
[White "Beddathanme"]
[Black "Gregorio"]
[Result "0-1"]
[WhiteElo "1800"]
[BlackElo "1993"]
[Opening "Two knights defense"]
[ECO "C55"]
[Time "22:06:22"]
[TimeControl "2700+45"]

1. e4 e5 2. Bc4 Nf6 3. d4 Nc6 4. Nf3 exd4 5. O-O d5 6. exd5 Nxd5 7. Re1+ Be7 8.
Nxd4 Nxd4 9. Qxd4 Be6 10. Bxd5 Qxd5 11. Qxd5 Bxd5 12. Nc3 Bc6 13. Bg5 f6 14. Bf4
Rc8 15. Re2 Kf7 16. Rae1 Rhe8 17. a3 g5 18. Bg3 f5 19. f3 b6 20. Kf1 f4 21. Bf2
Bf6 22. Nd1 Bb5 23. h4 Rxe2 24. Rxe2 Re8 {White resigns} 0-1

[Event "Team 45 45 League T49"]
[Site "Internet Chess Club"]
[Date "2011.05.21"]
[Round "2"]
[White "alexping"]
[Black "bgolev"]
[Result "1-0"]
[WhiteElo "1936"]
[BlackElo "1799"]
[Opening "QGD: classical variation (5.Bf4)"]
[ECO "D37"]
[Time "12:02:36"]
[TimeControl "2700+45"]

1. d4 Nf6 2. c4 e6 3. Nf3 d5 4. Nc3 Be7 5. Bf4 O-O 6. e3 c6 7. h3 Bd6 8. Bxd6
Qxd6 9. c5 Qe7 10. Bd3 Nbd7 11. Qc2 e5 12. dxe5 Nxe5 13. Nxe5 Qxe5 14. Ne2 Ne4
15. f4 Qe7 16. Bxe4 dxe4 17. O-O f5 18. Rad1 Be6 19. Rd6 Rad8 20. Rfd1 Bd5 21.
Rxd8 Rxd8 22. b4 Bf7 23. a4 Rxd1+ 24. Qxd1 Bh5 25. g4 fxg4 26. Ng3 Bf7 27. hxg4
Bd5 28. Nf5 Qf6 29. Qd4 Kf8 30. Qxf6+ gxf6 31. Nd6 b6 32. Kf2 bxc5 33. bxc5 a6
34. Kg3 Bb3 35. a5 Bc2 36. f5 Bd3 37. Kf4 h6 38. Nxe4 Bxe4 39. Kxe4 Ke7 40. Kf4
Kf7 41. e4 {Black resigns} 1-0

[Event "Team 45 45 League T49"]
[Site "Internet Chess Club"]
[Date "2011.05.22"]
[Round "2"]
[White "Beetlejuice"]
[Black "kabindra"]
[Result "1-0"]
[WhiteElo "1822"]
[BlackElo "1712"]
[Opening "Catalan opening"]
[ECO "E00"]
[Time "03:02:59"]
[TimeControl "2700+45"]

1. d4 Nf6 2. c4 e6 3. g3 g6 4. Bg2 Bg7 5. Nc3 c6 6. Nf3 O-O 7. O-O d5 8. Qc2 Re8
9. b3 Nbd7 10. Rd1 e5 11. dxe5 Nxe5 12. Nxe5 Rxe5 13. cxd5 Nxd5 14. Bb2 Qe8 15.
e3 Bg4 16. Re1 Nb4 17. Qb1 Rc5 18. Ne4 Bf5 19. Bxg7 Bxe4 20. Bxe4 f5 21. Bd4
fxe4 22. Bxc5 Nd3 23. Qc2 b6 24. Bd4 c5 25. Bb2 Rd8 26. Red1 b5 27. Qc3 Rd7 28.
Qh8+ Kf7 29. Qg7+ Ke6 30. Qf6+ Kd5 31. f4 Re7 32. Be5 Re6 33. Qg5 Kc6 34. Qg4 h5
35. Qe2 h4 36. Qg2 Nxe5 37. Qxe4+ Kc7 38. fxe5 Rxe5 39. Qd3 hxg3 40. hxg3 Qe6
41. Rac1 a6 42. b4 c4 43. Qd4 Kc6 44. Rc2 Rxe3 45. Qc5+ Kb7 46. Qd5+ Qxd5 47.
Rxd5 Rxg3+ 48. Rg2 Rxg2+ 49. Kxg2 Kc6 50. Rg5 Kd6 51. Rxg6+ Kd5 52. Kf2 Kd4 53.
Ke2 Kc3 54. a3 Kb3 55. Rxa6 c3 56. Kd3 c2 57. Rc6 Kxa3 58. Rxc2 Kxb4 59. Rb2+
Ka4 60. Kc3 Ka5 61. Ra2+ Kb6 62. Kb4 Kc6 63. Rd2 {Black resigns} 1-0

[Event "Team 45 45 League T49"]
[Site "Internet Chess Club"]
[Date "2011.05.22"]
[Round "2"]
[White "makramkozman"]
[Black "alaskauk"]
[Result "1-0"]
[WhiteElo "1570"]
[BlackElo "1469"]
[Opening "English, 1...Nf6 (Anglo-Indian defense)"]
[ECO "A15"]
[Time "08:00:30"]
[TimeControl "2700+45"]

1. c4 Nf6 2. g3 g6 3. Bg2 Bg7 4. Nc3 c6 5. d4 O-O 6. Nf3 d6 7. O-O Re8 8. Bg5
Qb6 9. Qd2 Bg4 10. Rac1 Bxf3 11. Bxf3 Nbd7 12. c5 Qc7 13. b4 d5 14. a4 a6 15. b5
axb5 16. axb5 e5 17. e3 e4 18. Be2 Nf8 19. b6 Qd7 20. Rc2 Ne6 21. Bxf6 Bxf6 22.
Ra2 Ng5 23. Rfa1 Rxa2 24. Rxa2 Qh3 25. Qd1 Qd7 26. Bg4 Qd8 27. Qa1 h5 28. Be2
Qd7 29. Bf1 Nf3+ 30. Kh1 h4 31. Ra8 Rd8 32. Qa7 Rxa8 33. Qxa8+ Kg7 34. Qb8 h3
35. Qc7 Qf5 36. Qf4 Qd7 37. g4 Bg5 38. Qg3 Bh4 39. Qxh3 Bxf2 40. Nd1 Bh4 41. Be2
Be7 42. Bxf3 exf3 43. Qxf3 Qe6 44. Nf2 Bg5 45. e4 dxe4 46. Nxe4 Qd5 47. Nxg5
Qxg5 48. Kg2 Qd2+ 49. Qf2 Qg5 50. h3 Qd5+ 51. Kg3 Qb3+ 52. Qf3 Qc4 53. Qe3 Kh7
54. Kf4 Qf1+ 55. Ke5 Qa1 56. Kd6 Qa8 57. Qe7 Qb8+ 58. Kd7 Qf4 59. Ke8 Kg7 60.
Qf8+ Kh7 61. Qxf7+ Qxf7+ 62. Kxf7 Kh6 63. d5 {Black resigns} 1-0

[Event "Team 45 45 League T49"]
[Site "Internet Chess Club"]
[Date "2011.05.22"]
[Round "2"]
[White "JohLeb"]
[Black "Zugzwanged"]
[Result "0-1"]
[WhiteElo "1455"]
[BlackElo "1573"]
[Opening "Nimzo-Indian: Fischer variation"]
[ECO "E43"]
[Time "17:00:23"]
[TimeControl "2700+45"]

1. d4 Nf6 2. c4 e6 3. Nc3 Bb4 4. e3 b6 5. Bd3 Bb7 6. f3 O-O 7. a3 Bxc3+ 8. bxc3
d6 9. e4 Nbd7 10. Ne2 c5 11. O-O h6 12. Bf4 Qe7 13. Qd2 cxd4 14. cxd4 Rac8 15.
Rfc1 Rfd8 16. Bg3 Nh5 17. Bf2 e5 18. d5 Nc5 19. Ng3 Nxg3 20. Bxg3 Nb3 21. Qc3
Nxa1 22. Qxa1 Rc7 23. Rf1 Ba6 24. Qa2 Rdc8 25. Rc1 b5 26. f4 f6 27. f5 bxc4 28.
Be2 Qe8 29. Rc3 Qa4 30. Be1 Rb8 31. Qa1 Rcb7 32. Bd1 Qb5 33. Bc2 Qe8 34. Qc1 Qh5
35. Rh3 Qf7 36. Bc3 Qd7 37. Rg3 Kh7 38. Qd1 Qf7 39. Bb4 Rd7 40. Ba4 Rdd8 41. Ba5
Rdc8 42. Bc6 Bb5 43. Bxb5 Rxb5 44. Bb4 Rd8 45. Rc3 a5 46. Qa4 axb4 47. axb4 Rdb8
48. Rxc4 Qb7 49. Rc6 Rxb4 50. Qa3 Rxe4 51. h3 Rb4 52. Kh2 Rb6 53. Qxd6 Rxc6 54.
dxc6 Qc8 55. g4 Rb6 56. Qe6 Qxc6 57. Qf7 Rb8 58. Kg3 Qe8 59. Qd5 Rd8 60. Qc4 Qd7
61. Kh4 Qd4 62. Qf7 Qd7 63. Qc4 Re8 64. Qe4 Qd4 65. Qc6 Rd8 66. Kh5 Qf4 67. h4
Rg8 68. Qd7 e4 69. Qe7 e3 70. Qb7 Qb8 71. Qe7 Qe8+ {White resigns} 0-1

[Event "Team 45 45 League T49"]
[Site "Internet Chess Club"]
[Date "2011.05.23"]
[Round "2"]
[White "Aquaman"]
[Black "otib2006"]
[Result "0-1"]
[WhiteElo "1278"]
[BlackElo "1166"]
[Opening "Réti: King's Indian attack, French variation"]
[ECO "A08"]
[Time "15:00:21"]
[TimeControl "2700+45"]

1. Nf3 c5 2. g3 d5 3. Bg2 Nf6 4. d3 e6 5. O-O Be7 6. Nbd2 O-O 7. Re1 Nc6 8. e4
d4 9. a4 a5 10. e5 Nd5 11. Nc4 b6 12. Nfd2 Ba6 13. Ne4 Rb8 14. Ned6 Bxd6 15.
exd6 Ncb4 16. h4 Bxc4 17. dxc4 Nf6 18. Qf3 Nxc2 19. Bf4 Nxa1 20. Rxa1 g6 21. Bg5
Kg7 22. Re1 h6 23. Bf4 Nh5 24. Kf1 Nxf4 25. Qxf4 Qf6 26. Qe4 Qf5 27. Qe2 Rfd8
28. g4 Qf4 29. Bh3 Rxd6 30. h5 d3 31. Qd1 Qxc4 32. hxg6 d2+ 33. Re2 Qc1 34. Rxd2
Qxd1+ 35. Rxd1 Rxd1+ 36. Ke2 {White resigns} 0-1

[Event "Team 45 45 League T49"]
[Site "Internet Chess Club"]
[Date "2011.05.20"]
[Round "2"]
[White "Meezer"]
[Black "Zyme"]
[Result "0-1"]
[WhiteElo "1438"]
[BlackElo "1364"]
[Opening "Queen's pawn: London system"]
[ECO "A45"]
[Time "18:00:34"]
[TimeControl "2700+45"]

1. d4 Nf6 2. Bf4 g6 3. e3 Bg7 4. Nf3 O-O 5. c4 d6 6. Nc3 Nc6 7. Bd3 Nb4 8. O-O
Nxd3 9. Qxd3 Nh5 10. Bg5 h6 11. Bh4 g5 12. Bg3 Nxg3 13. fxg3 Bg4 14. h3 Bh5 15.
g4 Bg6 16. Qe2 Qd7 17. Rad1 b6 18. c5 bxc5 19. dxc5 Qc6 20. cxd6 cxd6 21. Rc1
Rfc8 22. Qd2 Qb7 23. Nd4 Rc7 24. Nd5 Rxc1 25. Rxc1 Qxd5 26. Rc7 e5 27. Nf3 Qxd2
28. Nxd2 a6 29. Rd7 Bf8 30. Nc4 Rc8 31. Nxd6 Rc1+ 32. Kh2 Rd1 {White resigns}
0-1